cohdb
Replays
Latest Replays
All Replays
Popular Replays
Top Player Replays
Match Explorer
How It Works
Community
CoH3 Stats
Reddit
Sign in to upload your games and track your stats! →
Sign in with Steam
Match 19782746
Unlisted
Match 19782746
Overview
Messages
Build Orders
End
Construct Infanterie Kompanie
Grenadier Squad
Grenadier Squad
MG 42 Machine Gun Team
Pioneer Squad
Construct Luftwaffe Kompanie
Medical Station
GrW 34 Mortar Team
Jäger Squad
Selects Mechanized Battlegroup
Selects Raid Package
Jäger Squad
Construct Panzer Kompanie
Selects StuG Assault Group
Selects UNKNOWN (2160084)
Sturmpanzer IV Brummbär
Medical Bunker
Stoßtruppen Squad
Selects Spotting Scopes
Selects Stoßtruppen Assault Package
Selects Zeroing Artillery Barrage
Pioneer Squad
Grenadier Squad
MG 42 Machine Gun Team
Panther Heavy Tank
Pioneer Squad
Zeroing Artillery Barrage
Panther Heavy Tank
Panther Heavy Tank
Zeroing Artillery Barrage
AI Takeover
♕>*.Most^Wanted^Killer."<♕
Scat
XxWhoDatGuyxX
EngineeringChaos
kuzu1
Coyle
kerem
Virgile[FR]
0
0
Comments
sign in to comment!
No comments posted yet!